 Dungeon Crawl Stone Soup version 0.30-a0-4-ga7cffc901d (webtiles) character file.

Game seed: 11577886787337780734

105 SensoryNuts the Covered (level 4, -5/40 HPs)
             Began as a Hill Orc Fighter on Aug 21, 2022.
             Killed from afar by an orc wizard (7 damage)
             ... with a magic dart
             ... on level 3 of the Dungeon.
             The game lasted 00:03:07 (2412 turns).

SensoryNuts the Covered (Hill Orc Fighter)          Turns: 2412, Time: 00:03:08

Health: -5/40      AC: 12    Str: 20    XL:     4   Next: 81%
Magic:  4/4        EV:  5    Int:  8    God:
Gold:   116        SH:  4    Dex: 10    Spells: 3/3 levels left

rFire   . . .      SeeInvis .    a - +1 war axe
rCold   . . .      Faith    .    c - +0 buckler
rNeg    . . .      Spirit   .    e - +1 plate armour
rPois   .          Reflect  .    (no helmet)
rElec   .          Harm     .    (no cloak)
rCorr   .          Rampage  .    (no gloves)
Will    .....                    (no boots)
Stlth   ..........               (no amulet)
HPRegen 0.13/turn                (no ring)
MPRegen 0.09/turn                (no ring)

@: mighty
A: no striking features
a: Convert to Beogh


You were on level 3 of the Dungeon.
You visited 1 branch of the dungeon, and saw 3 of its levels.

You collected 116 gold pieces.

Inventory:

Hand Weapons
 a - a +1 war axe (weapon)
Armour
 b - a +0 scale mail
 c - a +0 buckler (worn)
 e - a +1 plate armour (worn)
Jewellery
 f - a ring of wizardry
Scrolls
 n - a scroll of teleportation


   Skills:
 + Level 4.2 Fighting
 + Level 4.2 Axes
 + Level 4.3 Armour
 + Level 3.9 Shields


You had 3 spell levels left.
You didn't know any spells.
Your spell library was empty.

Dungeon Overview and Level Annotations

Branches:
Dungeon (3/15)

Altars:

Shops:
D:1 (


Message History

Something hits you but does no damage.
You miss something. Something hits you but does no damage.
The orc priest shouts, "Join the one true god or die!"
You hit something.
You hear some strange, mumbled words.
A puff of flame appears from out of thin air!
The puff of flame hits you! Something hits you but does no damage.
The orc barely misses you.
The orc priest calls upon Beogh to heal the orc.
The orc's wounds heal themselves!
You completely miss something. You hit the orc.
Something hits you but does no damage.
The orc priest looks satisfied for a moment.
The orc hits you but does no damage.
You barely miss something. You hit the orc.
You kill the orc!
The orc priest calls down the wrath of Beogh upon you.
Beogh smites you!
* * * LOW HITPOINT WARNING * * *
Something hits you but does no damage.
You hit something. Something hits you but does no damage.
Unknown command.
Okay, then.
You feel very mighty all of a sudden. Something hits you but does no damage.
Unknown command.
You miss something. Something hits you but does no damage. Something hits you.
* * * LOW HITPOINT WARNING * * *
You closely miss something. x2; Something completely misses you.
Something hits you.
* * * LOW HITPOINT WARNING * * *
You miss something. You slash something!
You hear some strange, mumbled words.
A magic dart appears from out of thin air!
The magic dart hits you.
* * * LOW HITPOINT WARNING * * *
You hear some strange, mumbled words.
A magic dart appears from out of thin air!
The magic dart hits you!
You die...

......... #..o{....
#..#.# #..#.# #.#..#.##
.......oo# #+#
##.##.##o# #.# #. #{#
#.# #.##@###.##
#....{....##
#.......#.....#########
##########...##........
#......####### ##.#####
#.# #.# #.#


You could see an orc priest and 2 orcs.

Vanquished Creatures
  An orc wizard (D:3)
  An adder (D:2)
  5 dart slugs
  3 orcs (D:3)
  3 ball pythons
  3 bats (D:2)
  5 endoplasms
  A giant cockroach (D:1)
  6 goblins
  9 hobgoblins
  5 kobolds
  3 quokkas
  A frilled lizard (D:2)
  5 rats
51 creatures vanquished.

Notes
Turn   | Place    | Note
-------+----------+-------------------------------------------
     0 | D:1      | SensoryNuts the Hill Orc Fighter began the quest for the
                  | Orb.
     0 | D:1      | Reached XP level 1. HP: 19/19 MP: 1/1
    64 | D:1      | Found a faded altar of an unknown god.
   114 | D:1      | Reached XP level 2. HP: 21/27 MP: 2/2
   415 | D:1      | Found Igoywn's Antique Weapon Emporium.
   460 | D:1      | Reached XP level 3. HP: 33/33 MP: 3/3
  1336 | D:2      | Reached XP level 4. HP: 39/40 MP: 4/4
  2412 | D:3      | HP: 2/40 [something/magic dart (4)]
  2412 | D:3      | Killed from afar by an orc wizard

Illustrated notes

Levels and vault maps discovered:
D:1:      minmay_arrival_five_plusses, layout_loops_cross,
          basic_ecumenical_altar, serial_shops, shop
D:2:      layout_basic, serial_co_window_serial, co_window_paths_a,
          co_window_paths_b, co_window_corner_a, co_window_corner_a,
          co_window_of_opportunity_a, co_window_paths_a, co_window_paths_b,
          co_window_paths_c, co_window_2corner, co_window_corner_cb,
          co_window_2corner, co_window_unsneaky_path_c, co_window_corner_b,
          co_window_broadway_c, co_window_paths_d, co_window_4corner_b,
          glass_columns_b, glass_columns_b, minmay_pentomino_z2
D:3:      layout_loops_corners

Skill      XL: |  1  2  3  4 |
---------------+-------------+-----
Axes           | 3 4 |  4.2
Fighting       | 4 |  4.2
Armour         | 4 |  4.3
Shields        | |  3.9

Action                   |  1- 3 |  4- 6 || total
-------------------------+-------+-------++-------
Melee: War axe           |    81 |    58 ||   139
  Use: Scroll            |       |     7 ||     7
       Potion            |       |     5 ||     5
Armor: Plate armour      |    61 |    56 ||   117
Dodge: Dodged            |    19 |     6 ||    25
Block: Buckler           |    12 |     9 ||    21

Table legend: (Time is in decaauts)
 A = Elapsed time spent in this place.
 B = Non-inter-level travel time spent in this place.
 C = Inter-level travel time spent in this place.
 D = Time resting spent in this place.
 E = Time spent auto-exploring this place.
 F = Levels seen in this place.
 G = Mean time per level.
                   A        B        C        D        E       F      G
               +--------+--------+--------+--------+--------+-----+--------+
         Total |   2461 |   2292 |    169 |    145 |   1685 |   3 |  820.3 |
       Dungeon |   2461 |   2292 |    169 |    145 |   1685 |   3 |  820.3 |
               +--------+--------+--------+--------+--------+-----+--------+

Top non-repeatable levels by time:
     D:2: 1406 daAuts
     D:1: 739 daAuts
     D:3: 316 daAuts
